 Dungeon Crawl Stone Soup version 0.14-a0-2910-g8a9724b (webtiles) character file.

318 Medar the Magician (level 6, 0/25 HPs)
             Began as a Vine Stalker Ice Elementalist on Mar 2, 2014.
             Slain by Prince Ribbit (13 damage)
             ... in a sewer.
             The game lasted 00:14:44 (2616 turns).

Medar the Magician (Vine Stalker Ice Elementalist)  Turns: 2616, Time: 00:14:44

HP   0/25        AC  4     Str 11      XL: 6   Next:  5%
MP   0/16        EV 12     Int 20      God:
Gold 83          SH  0     Dex 15      Spells:  4 memorised,  5 levels left

rFire  . . .     SeeInvis .     r - -1 mace (curse)
rCold  . . .     Rnd*Rage +     g - +0 elf robe (curse)
rNeg   . . .     Conserve .     (no shield)
rPois  .         rCorr    .     (no helmet)
rElec  .         rRot     +     (no cloak)
SustAb . .       Spirit   +     e - +1 pair of gloves
rMut   .         Warding  .     (no boots)
Saprov . . .     Stasis   .     (no amulet)
MR     .....                    a - +3 ring of dexterity
                                i - +3 ring of intelligence

@: very slightly contaminated, not resistant to hostile enchantments, fairly
stealthy
A: fangs 3, berserk 1, clumsy 1, frail 1, low mp 1, regeneration 2, magic
shield, antimagic bite, no device heal
a: no special abilities


You were in a sewer.
You were hungry.

You visited 1 branch of the dungeon, and saw 3 of its levels.
You also visited: Sewer.

You collected 83 gold pieces.

Inventory:

Hand weapons
 q - a +2,+3 dagger of pain
 r - a cursed -1,-1 mace (weapon)
Armour
 e - a +1 pair of gloves (worn)
 g - a cursed +0 elven robe (worn)
Comestibles
 c - 3 bread rations
 f - an apple
 k - a rotting chunk of adder flesh
 l - a banana
 o - 3 chunks of giant frog flesh
 p - 2 meat rations
 t - a rotting chunk of ball python flesh
Scrolls
 n - a scroll of remove curse
Jewellery
 a - a +3 ring of dexterity (right hand)
 i - a +3 ring of intelligence (left hand)
Potions
 d - a potion of curing
 h - a potion of brilliance {unknown}
 m - a potion of restore abilities {unknown}
Books
 b - a book of Frost

   Spells                             Type                      Level
   *Freeze                            Ice                          1
   *Throw Frost                       Conjuration/Ice              2
   *Ozocubu's Armour                  Charms/Ice                   3
   *Throw Icicle                      Conjuration/Ice              4
   Summon Ice Beast                   Ice/Summoning                4
   Condensation Shield                Ice                          4


   Skills:
 - Level 1.5 Dodging
 - Level 2.4 Stealth
 - Level 5.1 Spellcasting
 + Level 2.1 Conjurations
 + Level 0.0 Charms
 + Level 4.0 Ice Magic


You had 5 spell levels left.
You knew the following spells:

 Your Spells              Type           Power        Failure   Level  Hunger
c - Throw Frost           Conj/Ice       ###...       6%          2    None
t - Ozocubu's Armour      Chrm/Ice       ##........   17%         3    ##.....
v - Throw Icicle          Conj/Ice       ###.....     38%         4    ####...
x - Freeze                Ice            ###.         2%          1    None


Dungeon Overview and Level Annotations

Branches:
Dungeon (3/16)

Altars:
Ashenzari
Kikubaaqudgha

Annotations:
D:3 Terence Sewer Prince Ribbit


Innate Abilities, Weirdness & Mutations

You have razor-sharp teeth.
You heal very quickly.
When hurt, damage is shared between your health and your magic reserves.
Your bite disrupts and absorbs the magic of your enemies.
Potions and wands cannot restore your HP.
You tend to lose your temper in combat.
You are clumsy. (Dex -2)
You are frail (-10% HP).
Your magical capacity is low (-10% MP).


Message History

Prince Ribbit closely misses you.
You smell something rotten. (slot k)
Casting: Freeze
Confirm with . or Enter, or press ? or * to list all spells.
Okay, then.
Read which item? (? for menu, Esc to quit)
Okay, then.
Press: ? - help, v - describe, . - travel
Here: Prince Ribbit (moderately wounded, moving slowly) Some shallow water.
Casting: Freeze
Confirm with . or Enter, or press ? or * to list all spells.
Aiming: Freeze
Press: ? - help, Shift-Dir - straight line, f/p - Prince Ribbit
Aim: Prince Ribbit (moderately wounded, moving slowly)
You freeze Prince Ribbit.
Prince Ribbit seems to slow down.
Prince Ribbit is heavily wounded.
Prince Ribbit hits you!
Ouch! That really hurt!
You die...

#≈≈## ≈#≈≈≈≈##≈≈#
#≈≈# #≈≈≈#≈≈≈≈≈#.≈#
#..# #≈≈≈≈+....≈#≈≈#
#.≈#
#≈≈≈≈≈#.....#≈≈#
#''#
#≈≈≈≈≈≈#.....'≈≈#
#..#
≈≈≈≈≈≈≈#..∩..'≈≈#
#..#
#≈≈≈≈≈≈#.....####
##..## #≈≈≈≈F#.....#
#≈...# #≈≈≈≈@....≈#
#≈...#####≈≈≈#≈≈≈≈≈#
#≈......###≈≈#≈≈≈≈##
#≈........##≈######
#≈........≈###≈###
#.........≈≈≈≈≈≈.#
#≈≈...≈...≈..≈..∩#
#≈.≈≈.≈≈≈≈....%∩≈#
#≈≈≈..≈.≈≈≈≈≈≈.###


You could see Prince Ribbit.

Vanquished Creatures
  2 giant frogs (Sewer)
  5 adders
  A giant mite (D:3)
  A worm (D:2)
  7 ball pythons (Sewer)
  8 bats
  2 giant cockroaches (D:3)
  8 goblins
  6 hobgoblins
  7 jackals (D:1)
  9 kobolds
  3 giant geckos
  3 giant newts
  2 rats
64 creatures vanquished.

Notes
Turn   | Place    | Note
--------------------------------------------------------------
     0 | D:1      | Medar, the Vine Stalker Ice Elementalist, began the quest for the Orb.
     0 | D:1      | Reached XP level 1. HP: 9/9 MP: 3/3
   186 | D:1      | Reached XP level 2. HP: 8/13 MP: 1/5
   208 | D:1      | Learned a level 2 spell: Throw Frost
  1005 | D:1      | Reached skill level 4 in Ice Magic
  1070 | D:2      | Reached XP level 3. HP: 16/16 MP: 5/7
  1639 | D:2      | Reached XP level 4. HP: 21/21 MP: 3/9
  1896 | D:3      | Found an ancient bone altar of Kikubaaqudgha.
  1925 | D:3      | Noticed Terence
  1939 | D:3      | Found a shattered altar of Ashenzari.
  2217 | D:3      | Found a glowing drain.
  2221 | Sewer    | Entered a sewer
  2391 | Sewer    | Reached XP level 5. HP: 21/24 MP: 10/14
  2443 | Sewer    | Noticed a giant frog
  2447 | Sewer    | Killed a giant frog
  2461 | Sewer    | Noticed a giant frog
  2467 | Sewer    | Killed a giant frog
  2467 | Sewer    | Reached skill level 5 in Spellcasting
  2467 | Sewer    | Gained mutation: You heal very quickly. [vine stalker growth]
  2467 | Sewer    | Reached XP level 6. HP: 21/28 MP: 6/18
  2564 | Sewer    | Noticed Prince Ribbit
  2570 | Sewer    | Learned a level 3 spell: Ozocubu's Armour
  2575 | Sewer    | Learned a level 4 spell: Throw Icicle
  2575 | Sewer    | Gained mutation: You tend to lose your temper in combat. [potion of mutation]
  2575 | Sewer    | Gained mutation: Your magical capacity is low (-10% MP). [potion of mutation]
  2575 | Sewer    | Gained mutation: You have razor-sharp teeth. [potion of mutation]
  2576 | Sewer    | Gained mutation: You are frail (-10% HP). [potion of mutation]
  2576 | Sewer    | Gained mutation: You are clumsy. (Dex -2) [potion of mutation]
  2616 | Sewer    | Slain by Prince Ribbit

Action                   |  1- 3 |  4- 6 || total
-------------------------+-------+-------++-------
Melee: Unarmed           |    15 |       ||    15
       Mace              |     2 |     4 ||     6
 Cast: Freeze            |    63 |    43 ||   106
       Throw Frost       |       |     2 ||     2
       Throw Icicle      |       |     1 ||     1
  Use: Scroll            |     2 |     6 ||     8
       Potion            |       |     3 ||     3
